 Dungeon Crawl Stone Soup version 0.31-a0-1204-ge2c1a860ed (webtiles) character file.

Game seed: 2995230038676637625

18536 Lobster4 the Fighter (level 12, -10/135 HPs)
             Began as a Human Wanderer on Dec 13, 2023.
             Was a High Priest of Hepliaklqana.
             Mangled by a skeletal warrior
             ... wielding a +0 war axe
              (17 damage)
             ... on level 12 of the Dungeon.
             The game lasted 00:47:08 (13536 turns).

Lobster4 the Fighter (Human Wanderer)              Turns: 13536, Time: 00:47:08

Health: -10/135    AC: 12    Str: 15    XL:     12   Next: 96%
Magic:  19/19      EV: 15    Int: 14    God:    Hepliaklqana [*****.]
Gold:   679        SH:  0    Dex: 14    Spells: 18/21 levels left

rFire   + . .        E - +6 hammer of the Common Good {venom, *Rage rElec Will+}
rCold   + + .        (no shield)
rNeg    + . .        g - +2 robe {rC+ rF+}
rPois   .            S - +2 hat
rElec   +            c - +1 cloak
rCorr   .            (no gloves)
SInv    .            T - +2 pair of boots
Will    +....        (no amulet)
Stlth   x              - ring of protection from fire
HPRegen 0.42/turn    d - ring of Vyollan {Ice rElec rN+}
MPRegen 0.16/turn

%: random rage (20%)
@: berserking (expiring), very quick
A: reduced essence
a: Renounce Religion, Recall Ancestor, Ancestor Identity, Transference, Idealise


You were on level 12 of the Dungeon.
You worshipped Hepliaklqana.
Hepliaklqana was extremely pleased with you.
You visited 1 branch of the dungeon, and saw 12 of its levels.
You also visited: Sewer.

You collected 900 gold pieces.
You spent 221 gold pieces at shops.

Inventory:

Hand Weapons
 a - a +2 heavy spear
 b - a +0 sling
 j - a +1 long sword of holy wrath
 p - a +4 short sword of venom
 E - the +6 hammer of the Common Good (weapon) {venom, *Rage rElec Will+}
   (You found it on level 5 of the Dungeon)

   rElec:     It insulates you from electricity.
   Will+:     It increases your willpower.
   *Rage:     It berserks you when you make melee attacks (+20% chance).
 J - a +4 short sword
 R - a +0 shortbow
Missiles
 f - 5 curare-tipped darts
 l - 5 boomerangs (quivered)
 t - 13 poisoned darts
 I - a throwing net
Armour
 c - a +1 cloak (worn)
 g - a +2 robe of resistance (worn)
 K - a +0 kite shield
 O - a +0 helmet
 P - +0 acid dragon scales
 S - a +2 hat (worn)
 T - a +2 pair of boots (worn)
 U - a +1 ring mail of willpower
Jewellery
 d - the ring of Vyollan (right hand) {Ice rElec rN+}
   (You found it on level 4 of the Dungeon)

   [ring of ice]

   Ice:       It enhances your ice magic.
   rF-:       It makes you vulnerable to fire.
   rC+:       It protects you from cold.
   rElec:     It insulates you from electricity.
   rN+:       It protects you from negative energy.
 n - a ring of wizardry
 x - a ring of protection from fire (left hand)
 F - a ring of poison resistance
 M - a ring of protection from fire
 Q - a +6 ring of dexterity
Wands
 h - a wand of charming (11)
 A - a wand of quicksilver (13)
 G - a wand of roots (1)
 L - a wand of mindburst (22)
Scrolls
 s - a scroll of fear
 u - a scroll of identify
 y - a scroll of revelation
 B - 4 scrolls of teleportation
 D - a scroll of blinking
 H - 6 scrolls of amnesia
 V - a scroll of fog
Potions
 e - 2 potions of mutation
 i - 4 potions of enlightenment
 k - 5 potions of curing
 m - 2 potions of haste
 o - a potion of resistance
 q - 3 potions of brilliance
 r - 2 potions of ambrosia
 v - a potion of lignification
 w - 2 potions of cancellation
 z - a potion of magic
 C - 3 potions of heal wounds
 N - 2 potions of might {unknown}


   Skills:
 + Level 11.7 Fighting
 - Level 3.0 Short Blades
 - Level 6.8(7.0) Maces & Flails
 - Level 3.0(3.3) Polearms
 - Level 2.0(5.1) Staves
 - Level 1.0 Throwing
 - Level 6.0 Armour
 + Level 7.7 Dodging
 + Level 3.0 Shields
 - Level 5.0 Spellcasting
 - Level 7.0 Ice Magic
 - Level 7.0 Invocations
 - Level 3.0 Evocations


You had 18 spell levels left.
You knew the following spells:

 Your Spells              Type           Power      Damage    Failure   Level
a - Frozen Ramparts       Ice            68%        1d11      3%          3

Your spell library contained the following spells:

 Spells                   Type           Power      Damage    Failure   Level
 Ensorcelled Hibernation  Hex/Ice        38%        N/A       6%          2
 Apportation              Tloc           6%         N/A       17%         1
 Magic Dart               Conj           12%        1d3       17%         1
 Necrotise                Necr           12%        1d4       17%         1
 Summon Small Mammal      Summ           12%        N/A       17%         1
 Call Imp                 Summ           6%         N/A       26%         2
 Passwall                 Tmut/Erth      2%         N/A       26%         2
 Call Canine Familiar     Summ           3%         N/A       45%         3
 Mephitic Cloud           Conj/Pois/Air  3%         N/A       45%         3
 Sigil of Binding         Hex            3%         N/A       45%         3
 Summon Guardian Golem    Hex/Summ       3%         N/A       45%         3
 Swiftness                Air            3%         N/A       45%         3
 Metabolic Englaciation   Hex/Ice        9%         N/A       75%         5
 Dimensional Bullseye     Hex/Tloc       1%         N/A       86%         4
 Leda's Liquefaction      Hex/Erth       1%         N/A       86%         4
 Petrify                  Tmut/Erth      3%         N/A       86%         4
 Summon Forest            Summ/Tloc      1%         N/A       99%         5
 Summon Mana Viper        Hex/Summ       3%         N/A       99%         5
 Summon Cactus Giant      Summ           1%         N/A       100%        6


Dungeon Overview and Level Annotations

Branches:
Dungeon (12/15)            Temple (0/1) D:5            Lair (0/5) D:9
    Orc (0/2) D:9           Sewer (visited)

Altars:
Fedhas
Gozag
Hepliaklqana
Okawaru
Xom

Shops:
D:1 !   D:3 *   D:10 !

Annotations:
D:7 3 runed translucent doors, kd29's ghost, novice TrSh
D:8 1 runed translucent door, 1 exclusion, Pikel; lotum's ghost, novice AtFi


Message History

A red film seems to cover your vision as you go berserk!
You feel yourself moving faster!
You feel mighty!
You sock something! Something hits you.
The skeletal warrior hits you with a +0 war axe!
Something barely misses you.
The skeletal warrior hits you with a +0 war axe!!
* * * LOW HITPOINT WARNING * * *
You sock something!
Reactivating autopickup.
You feel a bit more experienced.
You hit the skeletal warrior.
The skeletal warrior is lightly damaged.
A skeletal warrior comes into view. It is wielding a +0 flail.
The skeletal warrior hits you with a +0 war axe!
* * * LOW HITPOINT WARNING * * *
You hit the skeletal warrior but do no damage.
The skeletal warrior is lightly damaged.
The skeletal warrior hits you with a +0 quarterstaff.
* * * LOW HITPOINT WARNING * * *
The skeletal warrior hits you but does no damage.
You closely miss the skeletal warrior.
The skeletal warrior is heavily damaged.
A skeletal warrior comes into view. It is wielding a +0 dire flail.
You hit the skeletal warrior.
The skeletal warrior is heavily damaged.
The skeletal warrior hits you but does no damage.
The skeletal warrior misses you.
You sock the skeletal warrior!
The skeletal warrior is heavily damaged.
The skeletal warrior hits you with a +0 quarterstaff!
* * * LOW HITPOINT WARNING * * *
You hit the skeletal warrior.
The skeletal warrior is severely damaged.
An acid dragon comes into view.
You thump the skeletal warrior!
The skeletal warrior is severely damaged.
The skeletal warrior hits you with a +0 quarterstaff!
* * * LOW HITPOINT WARNING * * *
The skeletal warrior hits you with a +0 war axe!
You die...

******,,,***,,,*,,,,,,*
,,**,,,,,,,,,,,#...,,,*
,,**,,,,,,,,,,,#..,,,,*
,,**,......,,,,#..,,,,#
,,**,,.....,,,,#..,,,.#
,,**,,,....,,,,'.#**..#
,,**,,,,...,,,,#.###..#
,,,,,,,,,...,,,#$.....#
****,****#.#####@z....#
,,,,,,,,,#.#...#zz....#
******,#,#.....'.####.#
,,,,,,,#.#.....#C# *.#
,***,*,#.#.....#z# *.#
,,,,,*,#.......#z####.#
,*,***,#.#.....#..>...#
,*,,,,...#D#####......#
,*,**###,#.)..........#


You could see 5 skeletal warriors, a cyclops and an acid dragon.

Vanquished Creatures
  A boulder beetle (D:12)
  An orc knight (D:10)
  2 ugly things
  A cyclops (D:10)
  An unseen horror (D:12)
  Jeremiah (D:8)
  A komodo dragon (D:9)
  2 trolls (D:11)
  Prince Ribbit (D:5)
  3 hornets
  A shadow (D:12)
  A wyvern (D:6)
  7 yaks (D:10)
  2 wraiths (D:12)
  3 vampire mosquitoes (D:12)
  Menkaure (D:5)
  4 acid dragons
  2 water moccasins
  A black bear (D:8)
  A hornet zombie (D:5)
  3 orc warriors
  An ice beast (D:5)
  A boggart (D:12)
  An ogre (D:4)
  2 centaurs (D:11)
  A kobold brigand (D:4)
  3 phantoms (D:5)
  2 gnoll sergeants
  2 bullfrogs
  4 scorpions
  2 water moccasin zombies (D:5)
  6 killer bees
  5 howler monkeys
  A bullfrog zombie (D:5)
  3 hounds
  A jelly (D:7)
  2 quasits (D:8)
  5 orc priests
  Crazy Yiuf (D:5)
  Jessica (D:3)
  A bullfrog skeleton (D:5)
  2 iguanas
  5 orc wizards
  5 gnolls
  4 adders
  2 shadow imps
  An adder zombie (D:5)
  3 dart slugs
  2 worms (D:5)
  26 orcs
  8 endoplasms
  2 giant cockroaches
  3 hobgoblins
  4 jackals
  4 kobolds
  4 quokkas
  15 ball pythons
  3 bats
  5 frilled lizards
  9 goblins
  9 rats
201 creatures vanquished.

Vanquished Creatures (collateral kills)
  Gastronok (D:11)
  An ogre mage (D:10)
  A swamp dragon (D:12)
  3 cyclopes (D:12)
  An unseen horror (D:12)
  Psyche (D:8)
  Grinder (D:5)
  A raiju (shapeshifter) (D:11)
  A vampire (D:11)
  2 shadows (D:12)
  2 wyverns
  6 yaks
  A steam dragon (D:6)
  3 vampire mosquitoes (D:12)
  Pargi (Sewer)
  4 orc warriors
  An ice beast (D:5)
  A black bear (D:6)
  4 centaurs
  An ogre (D:6)
  A lemure (D:8)
  4 bullfrogs
  A scorpion (D:7)
  3 wights (D:6)
  8 killer bees
  A howler monkey (D:11)
  A centaur zombie (D:5)
  A bullfrog zombie (D:5)
  A hound (D:5)
  An orc priest (D:6)
  A jelly (D:5)
  A gnoll bouda (D:7)
  A bullfrog skeleton (D:5)
  A scorpion zombie (D:5)
  7 orc wizards
  A howler monkey zombie (D:5)
  4 gnolls
  4 adders
  A white imp (D:6)
  An ufetubus (D:8)
  2 worms (D:5)
  22 orcs
  A giant cockroach (D:5)
  A jackal (Sewer)
  3 kobolds
  A quokka (D:5)
  2 butterflies (D:4)
113 creatures vanquished.

Vanquished Creatures (others)
  An orc wizard (D:11)
  6 battlemagi
  3 ancestors
10 creatures vanquished.

Grand Total: 324 creatures vanquished

Notes
Turn   | Place    | Note
-------+----------+-------------------------------------------
     0 | D:1      | Lobster4 the Human Wanderer began the quest for the Orb.
     0 | D:1      | Lobster4 set off with the following items: a +2 spear, a +0
                  | quarterstaff, a +0 cloak, a potion of lignification, a +0
                  | robe.
     0 | D:1      | Reached XP level 1. HP: 13/13 MP: 1/1
   168 | D:1      | Reached XP level 2. HP: 20/20 MP: 2/2
   189 | D:1      | Reached skill level 1 in Fighting
   189 | D:1      | Reached skill level 1 in Armour
   277 | D:1      | Found Woiz's Distillery.
   294 | D:1      | Bought a potion of degeneration for 11 gold pieces
   464 | D:1      | Reached XP level 3. HP: 11/26 MP: 3/3
   618 | D:1      | Found a faded altar of an unknown god.
  1541 | D:2      | Reached skill level 2 in Fighting
  2106 | D:3      | Found Qoobb's Assorted Antiques.
  2162 | D:3      | Found a hazy altar of Hepliaklqana.
  2186 | D:3      | Reached skill level 3 in Fighting
  2186 | D:3      | Reached XP level 4. HP: 11/35 MP: 4/4
  2187 | D:3      | Became a worshipper of Hepliaklqana the Forgotten
  2320 | D:3      | Noticed Jessica
  2327 | D:3      | Killed Jessica
  2328 | D:3      | Reached skill level 1 in Invocations
  2328 | D:3      | Reached XP level 5. HP: 41/41 MP: 5/5
  2330 | D:3      | Found an iron altar of Okawaru.
  2826 | D:3      | Found a faded altar of an unknown god.
  2832 | D:3      | Found a blossoming altar of Fedhas.
  2987 | D:4      | Noticed an ogre
  3031 | D:4      | Noticed a kobold brigand
  3125 | D:4      | Reached * piety under Hepliaklqana
  3147 | D:4      | Killed an ogre
  3148 | D:4      | Reached skill level 4 in Fighting
  3148 | D:4      | Reached XP level 6. HP: 22/44 MP: 6/8
  3175 | D:4      | Identified the ring of Vyollan {Ice rElec rN+}
  3409 | D:4      | Reached XP level 7. HP: 24/49 MP: 9/9
  3721 | D:4      | Reached skill level 5 in Fighting
  3781 | D:4      | Learned a level 3 spell: Frozen Ramparts
  3857 | D:4      | Found a shimmering altar of Xom.
  3987 | D:3      | Bought a runed leather armour for 145 gold pieces
  4033 | D:5      | Entered Level 5 of the Dungeon
  4037 | D:5      | Noticed Grinder
  4056 | D:5      | Noticed Prince Ribbit
  4141 | D:5      | Noticed Menkaure
  4159 | D:5      | Killed Menkaure
  4160 | D:5      | Reached skill level 1 in Spellcasting
  4160 | D:5      | Reached skill level 1 in Ice Magic
  4244 | D:5      | Reached XP level 8. HP: 21/56 MP: 11/11
  4321 | D:5      | Paralysed by Grinder for 3 turns
  4332 | D:5      | Killed Grinder
  4333 | D:5      | Reached skill level 5 in Invocations
  4412 | D:5      | Reached skill level 6 in Fighting
  4441 | D:5      | Found a glowing drain.
  4450 | Sewer    | Entered a sewer
  4587 | Sewer    | Noticed Pargi
  4597 | Sewer    | Killed Pargi
  4719 | D:5      | Reached XP level 9. HP: 55/62 MP: 13/13
  4819 | D:5      | Reached skill level 1 in Short Blades
  4846 | D:5      | Killed Prince Ribbit
  5100 | D:5      | Reached skill level 5 in Armour
  5341 | D:5      | Reached skill level 7 in Fighting
  5362 | D:5      | Found a staircase to the Ecumenical Temple.
  5495 | D:5      | Found a runed translucent door.
  5496 | D:5      | Noticed Crazy Yiuf
  5505 | D:5      | Killed Crazy Yiuf
  5509 | D:5      | Identified the +6 hammer of the Common Good {venom, *Rage
                  | rElec Will+}
  6042 | D:5      | Reached skill level 1 in Maces & Flails
  6042 | D:5      | Reached skill level 1 in Throwing
  6199 | D:6      | Reached XP level 10. HP: 44/71 MP: 14/14
  6357 | D:6      | Reached ** piety under Hepliaklqana
  6358 | D:6      | Remembered your ancestor Centenhua as a battlemage
  7437 | D:7      | Found a runed translucent gate.
  7438 | D:7      | Found a runed translucent gate.
  7438 | D:7      | Found an opulent altar of Gozag.
  7439 | D:7      | Found a runed translucent gate.
  7440 | D:7      | Noticed kd29's ghost (novice TrSh)
  7442 | D:7      | Noticed a tengu warrior
  7676 | D:7      | Reached skill level 5 in Dodging
  7696 | D:7      | Reached *** piety under Hepliaklqana
  8466 | D:8      | Found a runed translucent door.
  8466 | D:8      | Found a shimmering altar of Xom.
  8466 | D:8      | Noticed lotum's ghost (novice AtFi)
  8466 | D:8      | Noticed a +0 long sword of chaos
  8606 | D:8      | Noticed Pikel
  8619 | D:8      | Noticed Psyche
  8920 | D:8      | Noticed Jeremiah
  8957 | D:8      | Killed Psyche
  8958 | D:8      | Reached skill level 8 in Fighting
  8967 | D:8      | Killed Jeremiah
  9242 | D:8      | Reached skill level 5 in Ice Magic
  9314 | D:9      | Found a staircase to the Orcish Mines.
  9327 | D:9      | Reached XP level 11. HP: 76/77 MP: 16/16
  9722 | D:9      | Found a staircase to the Lair.
  9948 | D:10     | Entered Level 10 of the Dungeon
  9960 | D:10     | Reached **** piety under Hepliaklqana
  9990 | D:10     | Reached skill level 5 in Maces & Flails
  9999 | D:10     | Reached skill level 9 in Fighting
 10740 | D:10     | Found Cuureuh's Distillery.
 10760 | D:10     | Bought a potion of heal wounds for 65 gold pieces
 11373 | D:10     | Noticed an orc knight
 11379 | D:10     | Noticed a cyclops
 11387 | D:10     | Killed an orc knight
 11451 | D:10     | Killed a cyclops
 11457 | D:10     | Noticed an ogre mage
 11617 | D:11     | Reached skill level 5 in Spellcasting
 11647 | D:10     | Killed an ogre mage
 11648 | D:10     | Reached XP level 12. HP: 87/87 MP: 19/19
 11746 | D:11     | Reached ***** piety under Hepliaklqana
 11779 | D:11     | Reached skill level 10 in Fighting
 12082 | D:11     | Noticed Gastronok
 12109 | D:11     | Killed Gastronok
 12153 | D:11     | Found a shimmering altar of Xom.
 12155 | D:11     | Found a shimmering altar of Xom.
 12155 | D:11     | Found a shimmering altar of Xom.
 12155 | D:11     | Found a shimmering altar of Xom.
 12155 | D:11     | Found a shimmering altar of Xom.
 12159 | D:11     | Found a shimmering altar of Xom.
 12159 | D:11     | Found a shimmering altar of Xom.
 12389 | D:12     | Noticed a skeletal warrior
 12679 | D:12     | Reached skill level 11 in Fighting
 12697 | D:12     | Noticed a swamp dragon
 12710 | D:12     | Killed a swamp dragon
 12997 | D:12     | Reached skill level 1 in Shields
 13408 | D:12     | Noticed a boulder beetle
 13418 | D:12     | Killed a boulder beetle
 13442 | D:12     | Noticed a six-headed hydra
 13453 | D:12     | Identified the ring "Keca" {rElec rF+}
 13513 | D:12     | Noticed a skeletal warrior
 13515 | D:12     | Noticed a skeletal warrior
 13530 | D:12     | Noticed a skeletal warrior
 13532 | D:12     | Noticed a skeletal warrior
 13536 | D:12     | Mangled by a skeletal warrior

Illustrated notes

Levels and vault maps discovered:
D:1:      dpeg_arrival_stonehenge_12_columns, layout_loops_corners,
          serial_forest, infiniplex_forest_end_2, infiniplex_forest_split,
          infiniplex_forest_straight_3, infiniplex_forest_clump_curved,
          infiniplex_forest_clump_diagonal, infiniplex_forest_diagonal,
          infiniplex_forest_clump_tiny, infiniplex_forest_lined_corner,
          serial_shops, shop, chequers_ecumenical_altar_island
D:2:      layout_loops_ring
D:3:      layout_loops_ring, nicolae_overflow_ecumenical_swirl,
          mainiacjoe_overflow_catch_the_wave, serial_shops,
          nicolae_diamond_shop, minmay_starry_boxes, uniq_jessica
D:4:      layout_rooms, xom_butterflies, guppyfry_early_lair_pool
D:5:      layout_rooms, minmay_temple_entry_large_hall, gup_sewer_entry_bubbles,
          serial_undead, serial_undead_d, serial_undead_a, serial_undead_b,
          serial_undead_b, serial_undead_b, kennysheep_dice, uniq_menkaure,
          uniq_grinder, uniq_prince_ribbit1, uniq_crazy_yiuf_cottage
D:6:      hellmonk_crumbling_castle, layout_loops_ring, minmay_misc_feat_iff
D:7:      layout_layer_cave, ebering_ghost_gozag
D:8:      layout_cave_pools, ebering_ghost_xom, serial_demonic,
          serial_demonic_a, serial_demonic_g, serial_demonic_g,
          serial_demonic_e, minmay_misc_feat_doors, hex_medium,
          item_on_display_a, uniq_jeremiah, uniq_psyche, uniq_pikel
D:9:      layout_rooms, david_lair_shrubbed, david_orc_2
D:10:     cheibrodos_elevator_heist, layout_stronghold, serial_shops,
          nicolae_shop_peninsula
D:11:     layout_roguey, nicolae_xom_altar_mimics, uniq_gastronok
D:12:     minmay_the_grid_3x3 [minmay_the_grid_embedded,
          minmay_the_grid_tiny_cups, minmay_the_grid_spin_star,
          minmay_the_grid_minigrid_small_alt, minmay_the_grid_pillar_ring,
          minmay_the_grid_holed_spiral, minmay_the_grid_dragon_a,
          minmay_the_grid_outer_diamond, minmay_the_grid_prize_trominoes],
          layout_stronghold, gauntlet_entry_generic

Skill      XL: |  1  2  3  4  5  6  7  8  9 10 11 12 |
---------------+-------------------------------------+-----
Fighting       | 1 3 4 5 6 7 8 9 11 | 11.7
Armour         | 1 2 4 5 6 |  6.0
Invocations    | 1 3 4 5 6 7 |  7.0
Spellcasting   | 1 3 5 |  5.0
Ice Magic      | 1 3 5 7 |  7.0
Short Blades   | 3 |  3.0
Maces & Flails | 1 3 6 |  6.8
Throwing       | 1 |  1.0
Evocations     | 3 |  3.0
Dodging        | 5 7 |  7.7
Shields        | 3 |  3.0
Polearms       | |  3.0
Staves         | |  2.0

Action                     |  1- 3 |  4- 6 |  7- 9 | 10-12 || total
---------------------------+-------+-------+-------+-------++-------
  Melee: Spear             |   140 |    79 |       |       ||   219
         Short sword       |    27 |    21 |   245 |     4 ||   297
         Punch             |       |     1 |     5 |     2 ||     8
         Mace              |       |       |       |   329 ||   329
   Fire: Sling             |       |    22 |       |       ||    22
  Throw: Stone             |     5 |       |       |       ||     5
         Dart              |       |       |    10 |     9 ||    19
         Boomerang         |       |       |       |     4 ||     4
   Cast: Frozen Ramparts   |       |       |       |     2 ||     2
 Invoke: Recall Ancestor   |       |     1 |     4 |     2 ||     7
         Ancestor Life: Ba |       |       |       |     1 ||     1
    Use: Potion            |     1 |     2 |     3 |       ||     6
         Scroll            |       |     3 |    13 |    12 ||    28
   Stab: Sleeping          |     4 |       |       |     1 ||     5
         Distracted        |       |     1 |     2 |     8 ||    11
 Armour: Robe              |    21 |       |       |   202 ||   223
         Ring mail         |    44 |    31 |     6 |       ||    81
         Skin              |       |     3 |     6 |       ||     9
         Leather armour    |       |       |   165 |    99 ||   264
  Dodge: Dodged            |    73 |    35 |   160 |   283 ||   551

Table legend: (Time is in decaauts)
 A = Elapsed time spent in this place.
 B = Non-inter-level travel time spent in this place.
 C = Inter-level travel time spent in this place.
 D = Time resting spent in this place.
 E = Time spent auto-exploring this place.
 F = Levels seen in this place.
 G = Mean time per level.
                   A        B        C        D        E       F      G
               +--------+--------+--------+--------+--------+-----+--------+
         Total |  14008 |  13194 |    814 |   2672 |   7342 |  13 | 1077.5 |
       Dungeon |  13766 |  12952 |    814 |   2612 |   7242 |  12 | 1147.2 |
         Sewer |    241 |    241 |      0 |     60 |    100 |   1 |  241.0 |
               +--------+--------+--------+--------+--------+-----+--------+

Top non-repeatable levels by time:
     D:7: 1552 daAuts
     D:5: 1480 daAuts
    D:11: 1467 daAuts
     D:3: 1351 daAuts
    D:10: 1333 daAuts
     D:1: 1239 daAuts
     D:6: 1197 daAuts
    D:12: 1019 daAuts
     D:2: 854 daAuts
     D:4: 809 daAuts
     D:8: 762 daAuts
     D:9: 699 daAuts
   Sewer: 241 daAuts
